 Dungeon Crawl Stone Soup version 0.21-a0-13-g3fd62ac (webtiles) character file.

53 tof the Skirmisher (level 3, -1/31 HPs)
             Began as a Barachi Fighter on May 23, 2017.
             Slain by a gnoll
             ... wielding a +0 spear
              (3 damage)
             ... on level 2 of the Dungeon.
             The game lasted 00:02:45 (906 turns).

tof the Skirmisher (Barachi Fighter)                 Turns: 906, Time: 00:02:45

Health: -1/31      AC:  7    Str: 17    XL:     3   Next: 87%
Magic:  3/3        EV:  7    Int:  8    God:
Gold:   105        SH:  9    Dex: 17    Spells: 2/2 levels left

rFire    . . .     SeeInvis .   a - +0 war axe
rCold    . . .     Gourm    .   c - +0 shield
rNeg     . . .     Faith    .   b - +0 scale mail
rPois    .         Spirit   .   (no helmet)
rElec    .         Reflect  .   (no cloak)
rCorr    .         Harm     .   (no gloves)
MR       .....                  (no boots)
Stlth    ..........             (no amulet)
Regen    0.1/turn               p - +5 ring of dexterity
MPRegen  0.1/turn               (no ring)

@: can't hop, drained, slow
A: +LOS, swims, slowness 1, strong legs 1
a: Hop


You were on level 2 of the Dungeon.
You were not hungry.

You visited 1 branch of the dungeon, and saw 2 of its levels.

You collected 105 gold pieces.

Inventory:

Hand Weapons
 a - a +0 war axe (weapon)
Armour
 b - a +0 scale mail (worn)
 c - a +0 shield (worn)
Jewellery
 p - a +5 ring of dexterity (left hand)
Scrolls
 g - a scroll of recharging {unknown}
 j - a scroll of fog {unknown}
 k - a scroll of remove curse {unknown}
 n - a scroll of amnesia {unknown}
 r - a scroll of fear {unknown}
Potions
 d - a potion of might
 e - 2 potions of lignification {unknown}
 l - a potion of invisibility {unknown}
 m - a potion of haste {unknown}
 o - 2 potions of ambrosia {unknown}
 q - a potion of berserk rage {unknown}
Comestibles
 f - 2 bread rations
 h - 4 chunks of flesh
 i - a royal jelly


   Skills:
 * Level 4.6(4.3) Fighting
 * Level 3.2(3.0) Axes
 + Level 4.0(3.7) Armour
 - Level 3.2(3.0) Shields


You had 2 spell levels left.
You didn't know any spells.

Dungeon Overview and Level Annotations

Branches:
Dungeon (2/15)

Altars:
Ru


Innate Abilities, Weirdness & Mutations

Shadows flee at your approach. (+LOS)
You can swim through water.
You cover ground slowly.
You can hop short distances.


Message History

You are too injured to fight recklessly!
You are too injured to fight recklessly!
You block the gnoll's attack.
The gnoll hits you from afar with a spear.
* * * LOW HITPOINT WARNING * * *
Hop to where?
Press: ? - help, Dir - move target cursor Boing!
The gnoll hits you from afar with a spear.
* * * LOW HITPOINT WARNING * * *
You block the gnoll's attack. You block the gnoll's attack.
The gnoll hits you but does no damage. The gnoll hits you but does no damage.
An adder comes into view.
The adder hisses angrily.
The gnoll hits you from afar with a spear.
* * * LOW HITPOINT WARNING * * *
The gnoll hits you from afar with a spear.
You die...

...........# #..........#
... #.##g.# #.########.#
##.##.#.#g## #.# #.#
#...#.g#(#.######.########.#
#....g#...#S...........<.#.#
#....#.....#.####.######.#)#
####g#.≈≈≈.#g# #.# ##(#.#
###.#≈...≈#.## #.#####....##
#...#≈._.≈#.@###.......#...#
#.#g#≈...≈#.......####.....#
...#g#.≈≈≈.#..####.# #>##..#
### #.#.....#.## #.# #.##..#
### ##.#...#.######.#
#.#.(.# ..# #g.#.#.........#
#.#...#
#.######.#.#.#######..#
#.#...# ............## #..#
#.#.#.# ...g..g..#.## #.<#
#.#.#.#


You could see a gnoll and an adder.

Vanquished Creatures
  A gnoll (D:2)
  2 dart slugs (D:1)
  3 giant cockroaches
  6 goblins
  3 hobgoblins
  A quokka (D:2)
  5 bats (D:1)
  3 frilled lizards (D:1)
  6 kobolds (D:1)
  8 rats
38 creatures vanquished.

Notes
Turn   | Place    | Note
-------+----------+-------------------------------------------
     0 | D:1      | tof the Barachi Fighter began the quest for the Orb.
     0 | D:1      | Reached XP level 1. HP: 18/18 MP: 1/1
   167 | D:1      | Reached XP level 2. HP: 19/25 MP: 2/2
   401 | D:1      | Reached XP level 3. HP: 30/31 MP: 3/3
   816 | D:2      | Found a sacrificial altar of Ru.
   901 | D:2      | HP: 1/31 [gnoll/spear (4)]
   906 | D:2      | Slain by a gnoll

Vault maps used:
D:1:      evilmike_arrival_hilbert_curve, st_stairs_8
D:2:      serial_bayou_pond_e, nicolae_ru_awakened_eye, uniq_crazy_yiuf_cottage

Skill      XL: |  1  2  3 |
---------------+----------+-----
Fighting       | 4 |  4.6
Axes           | 3 |  3.2
Armour         | 4 |  4.0
Shields        | |  3.2

Action                   || total
-------------------------++-------
Melee: War axe           ||   118
 Abil: Hop               ||     1
  Eat: Chunk             ||     1
Armor: Scale mail        ||    74
Dodge: Dodged            ||    51
Block: Shield            ||    74
